 Dungeon Crawl Stone Soup version 0.29.0-4-gdea44cf6ec (webtiles) character file.

Game seed: 6669841263891219462

44 qw the Chopper (level 3, 0/21 HPs)
             Began as a Tengu Warper on Aug 28, 2022.
             Succumbed to Sigmund's poison
             ... on level 2 of the Dungeon.
             The game lasted 00:00:08 (1794 turns).

qw the Chopper (Tengu Warper)                       Turns: 1794, Time: 00:00:09

Health: 0/21       AC:  3    Str: 13    XL:     3   Next: 62%
Magic:  7/7        EV: 12    Int: 13    God:
Gold:   56         SH:  0    Dex: 13    Spells: 6/6 levels left

rFire   . . .      SeeInvis .   Y - +0 hand axe
rCold   . . .      Faith    .   (no shield)
rNeg    . . .      Spirit   .   b - +0 leather armour
rPois   .          Reflect  .   (helmet restricted)
rElec   .          Harm     .   (no cloak)
rCorr   .          Rampage  .   (no gloves)
Will    .....                   (boots unavailable)
Stlth   +.........              d - amulet of regeneration
HPRegen 0.87/turn               (no ring)
MPRegen 0.10/turn               (no ring)

@: lethally poisoned (0 -> -8)
A: beak, talons 3
a: no special abilities


You were on level 2 of the Dungeon.
You visited 1 branch of the dungeon, and saw 2 of its levels.

You collected 56 gold pieces.


Innate Abilities, Weirdness & Mutations

You have a beak for a mouth.
You have claws for feet.


   Skills:
 - Level 2.0 Fighting
 + Level 4.3 Axes
 - Level 1.0 Throwing
 - Level 1.1 Armour
 - Level 2.1 Dodging
 - Level 2.0 Spellcasting
 - Level 2.4 Translocations


You had 6 spell levels left.
You didn't know any spells.
Your spell library contained the following spells:

 Spells                   Type           Power      Damage    Failure   Level
 Blink                    Tloc           14%        N/A       19%         2
 Gell's Gravitas          Tloc           7%         N/A       36%         3
 Lesser Beckoning         Tloc           7%         N/A       36%         3
 Teleport Other           Tloc           7%         N/A       36%         3
 Manifold Assault         Tloc           7%         N/A       98%         5

Inventory:

Hand Weapons
 Y - a +0 hand axe (weapon)
Armour
 b - a +0 leather armour (worn)
Jewellery
 d - an amulet of regeneration (around neck)
Potions
 a - a potion of lignification {unknown}
 g - a potion of invisibility {unknown}
 j - a potion of heal wounds {unknown}

Dungeon Overview and Level Annotations

Branches:
Dungeon (2/15)

Altars:

Shops:
D:1 [

Annotations:
D:2 Sigmund


Message History

The hobgoblin is heavily wounded.
The hobgoblin barely misses you.
You hit the hobgoblin.
You kill the hobgoblin!
A gnoll comes into view. It is wielding a +0 halberd.
1752 ||| Stepping ~*~*~tactically~*~*~ (stealth).
1753 ||| Stepping ~*~*~tactically~*~*~ (stealth).
Things that are here:
a +0 dagger; a hobgoblin corpse; a hobgoblin corpse
Found a stone staircase leading up.
Sigmund and a hobgoblin come into view.
Sigmund is wielding a +4 scythe of venom.
Sigmund shouts!
Sigmund drinks a potion.
Sigmund seems to speed up.
1785 ||| Stepping ~*~*~tactically~*~*~ (hiding).
1786 ||| Stepping ~*~*~tactically~*~*~ (hiding).
The hobgoblin shouts!
Sigmund mumbles some strange words.
Sigmund flickers and vanishes!
Deactivating autopickup; reactivate with Ctrl-A.
You slash the hobgoblin!
You kill the hobgoblin!
You swing at nothing.
Something barely misses you.
A kobold comes into view. It is wielding a +0 whip.
Something hits you. Something hits you.
You are poisoned.
You see here a hobgoblin corpse.
1792 ||| FLEEEEING.
You feel sick.
The kobold shouts!
Something hits you!
You are lethally poisoned!
1793 ||| FLEEEEING.
You feel very sick.
You hear some strange, mumbled words.
Something tries to affect you, but you resist.
1794 ||| FLEEEEING.
You die...

#... ... ##.## ...###<.
##...## ...#.....#
##..#..## .........#
##..###%.## #{K#
##..##.##..##
#%.###..##...##%.#
#..##..##..#..##..
#.##..##..###..##.
#@#..)#...#.#...#%
#...#...#..#..#..%
#.####..###..##...##..#
#.....## ##..##.##..##
#.####.# ##..###..##
..# ##..#..## #..#
##...## .# #..# ##.##
.. #... ### ..


You could see a kobold.

Vanquished Creatures
  A worm (D:2)
  A dart slug (D:1)
  3 endoplasms (D:1)
  2 giant cockroaches
  5 hobgoblins
  7 jackals
  2 quokkas
  5 ball pythons (D:1)
  3 bats
  A frilled lizard (D:1)
  4 rats
34 creatures vanquished.

Notes
Turn   | Place    | Note
-------+----------+-------------------------------------------
     0 | D:1      | qw the Tengu Warper began the quest for the Orb.
     0 | D:1      | Reached XP level 1. HP: 12/12 MP: 4/4
     0 | D:1      | 0 ||| qw: Version: 0.1-a-89-g26bdef1
     0 | D:1      | 0 ||| qw: Game counter: 2651
     0 | D:1      | 0 ||| qw: Always use a shield: true
     0 | D:1      | 0 ||| qw: God list: Okawaru
     0 | D:1      | 0 ||| qw: Allow faded altars: false
     0 | D:1      | 0 ||| qw: Do Orc after D:15 true
     0 | D:1      | 0 ||| qw: Do second Lair branch before Depths: true
     0 | D:1      | 0 ||| qw: Lair rune preference: random
     0 | D:1      | 0 ||| qw: Plans: Normal
     0 | D:1      | 0 ||| PLANNING D:1-11
   108 | D:1      | 108 ||| Stepping ~*~*~tactically~*~*~ (stealth).
   109 | D:1      | 109 ||| Stepping ~*~*~tactically~*~*~ (stealth).
   234 | D:1      | Found Xuf Luost's Armour Boutique.
   243 | D:1      | 243 ||| SHOPLISTING +0 ring mail (48 gold, have 0).
   243 | D:1      | 243 ||| SHOPLISTING +0 scale mail (48 gold, have 0).
   392 | D:1      | Reached XP level 2. HP: 17/17 MP: 6/6
   427 | D:1      | Reached skill level 3 in Axes
   910 | D:1      | 910 ||| UPGRADING to amulet of regeneration.
   920 | D:1      | 920 ||| READING scroll labelled QEASAP JESH.
   921 | D:1      | 921 ||| READING scroll labelled QOTHEBLEPTO.
   929 | D:1      | 929 ||| READING scroll labelled WUQOSU LAPLUSA.
   930 | D:1      | 930 ||| DRINKING 2 red potions.
   931 | D:1      | 931 ||| DROPPING scroll of blinking.
   932 | D:1      | 932 ||| DROPPING potion of attraction.
   933 | D:1      | 933 ||| Stepping randomly (stuck).
   934 | D:1      | 934 ||| Stepping randomly (stuck).
   935 | D:1      | 935 ||| Stepping randomly (stuck).
   936 | D:1      | 936 ||| Stepping randomly (stuck).
   937 | D:1      | 937 ||| Stepping randomly (stuck).
   997 | D:1      | 997 ||| Stepping ~*~*~tactically~*~*~ (stealth).
  1314 | D:1      | 1314 ||| Stepping randomly (stuck).
  1315 | D:1      | 1315 ||| Stepping randomly (stuck).
  1506 | D:1      | 1506 ||| Stepping ~*~*~tactically~*~*~ (hiding).
  1515 | D:1      | Reached XP level 3. HP: 21/21 MP: 7/7
  1665 | D:2      | 1665 ||| Stepping ~*~*~tactically~*~*~ (stealth).
  1674 | D:2      | Reached skill level 4 in Axes
  1752 | D:2      | 1752 ||| Stepping ~*~*~tactically~*~*~ (stealth).
  1753 | D:2      | 1753 ||| Stepping ~*~*~tactically~*~*~ (stealth).
  1784 | D:2      | Noticed Sigmund
  1785 | D:2      | 1785 ||| Stepping ~*~*~tactically~*~*~ (hiding).
  1786 | D:2      | 1786 ||| Stepping ~*~*~tactically~*~*~ (hiding).
  1792 | D:2      | 1792 ||| FLEEEEING.
  1793 | D:2      | 1793 ||| FLEEEEING.
  1793 | D:2      | HP: 2/21 [poisoned by Sigmund]
  1794 | D:2      | 1794 ||| FLEEEEING.
  1794 | D:2      | Succumbed to Sigmund's poison

Levels and vault maps discovered:
D:1:      scummos_arrival_simple_crosswalls, layout_loops_corners, serial_shops,
          nicolae_shop_crystal, serial_co_window_serial, co_window_paths_b,
          co_window_paths_b, co_window_paths_b, co_window_paths_b,
          co_window_corner_a, co_window_paths_c, co_window_unsneaky_path_d,
          co_window_corner_b, co_window_corner_cb, co_window_2corner,
          co_window_corner_ca, co_window_4corner_a,
          hangedman_decor_clover_reticule
D:2:      minmay_alternating_diamond, layout_loops_ring, minmay_diced_spiral,
          uniq_sigmund

Skill      XL: |  1  2  3 |
---------------+----------+-----
Axes           | 3 4 |  4.3
Fighting       | |  2.0
Throwing       | |  1.0
Armour         | |  1.1
Dodging        | |  2.1
Spellcasting   | |  2.0
Translocations | |  2.4

Action                   || total
-------------------------++-------
Melee: Hand axe          ||    84
       Peck              ||     7
       Kick              ||    17
       Punch             ||     2
Throw: Boomerang         ||     7
  Use: Scroll            ||     3
       Potion            ||     1
Armor: Leather armour    ||    26
Dodge: Dodged            ||    49

Table legend:
 A = Non-vault XP
 B = Vault XP
 C = Vault XP percentage of total XP
 D = Non-vault monster count
 E = Vault monster count
 F = Vault count percentage of total count
                 A         B        C        D         E       F
            +---------+---------+-------+---------+---------+-------
      Total |      57 |       7 |  10.9 |      30 |       4 |  11.8
            +---------+---------+-------+---------+---------+-------
        D:1 |      36 |       0 |   0.0 |      21 |       0 |   0.0
        D:2 |      21 |       7 |  25.0 |       9 |       4 |  30.8
            +---------+---------+-------+---------+---------+-------
